[Event "XIII Mediterranean Championship 2023"]
[Site "Castell-Platja d Aro"]
[Date "2023.11.04"]
[Round "1.1"]
[White "Alsina Leal, Daniel"]
[Black "Galvan Cipriani, Viviana"]
[Result "1-0"]
[ECO "B42"]
[WhiteElo "2531"]
[BlackElo "2077"]
[Annotator "RC"]
[PlyCount "61"]
[EventDate "2023.10.26"]
[EventType "swiss"]
[EventCountry "ESP"]
[SourceTitle "playchess.com"]
[Source "ChessBase"]
[SourceQuality "1"]
[TimeControl "5400+30"]

1. e4 c5 2. Nf3 e6 3. d4 cxd4 4. Nxd4 a6 5. Bd3 Bc5 6. Nb3 Ba7 7. Qe2 d6 8. Be3 Nf6 9. O-O O-O 10. c4 Nc6 11. Nc3 Qc7 12. Bxa7 Rxa7 13. Rac1 Qb8 14. f4 b6 15. Rce1 Rd7 16. Rf3 Bb7 17. Rh3 Rfd8 18. e5 dxe5 19. Bxh7+ Nxh7 20. Qh5 Kf8 21. Qxh7 Ne7 22. Qh8+ Ng8 23. fxe5 Rd2 24. Nxd2 Rxd2 25. Rg3 g6 26. Rxg6 Ke7 27. Qxg8 Qc7 28. Rg3 Qc5+ 29. Kh1 Qf2 30. Qg5+ Ke8 31. Rg1 1-0

[Event "XIII Mediterranean Championship 2023"]
[Site "Castell-Platja d Aro"]
[Date "2023.11.04"]
[Round "1.2"]
[White "Pla Almenar, Nel"]
[Black "Iermito, Sebastian"]
[Result "1/2-1/2"]
[ECO "B40"]
[WhiteElo "2070"]
[BlackElo "2521"]
[Annotator "RC"]
[PlyCount "48"]
[EventDate "2023.10.26"]
[EventType "swiss"]
[EventCountry "ESP"]
[SourceTitle "playchess.com"]
[Source "ChessBase"]
[SourceQuality "1"]
[TimeControl "5400+30"]

1. e4 c5 2. Nf3 Nc6 3. d4 cxd4 4. Nxd4 e6 5. Nc3 Qc7 6. Nxc6 bxc6 7. Bd3 d5 8. O-O Nf6 9. Qe2 Be7 10. Bd2 O-O 11. e5 Nd7 12. Rae1 Re8 13. Na4 Nb6 14. Qg4 c5 15. b3 a5 16. Nxb6 Qxb6 17. Re3 g6 18. Rh3 Ba6 19. Rxh7 Kxh7 20. Qh5+ Kg8 21. Bxg6 fxg6 22. Qxg6+ Kh8 23. Qh6+ Kg8 24. Qg6+ Kh8 1/2-1/2

[Event "XIII Mediterranean Championship 2023"]
[Site "Castell-Platja d Aro"]
[Date "2023.11.04"]
[Round "1.3"]
[White "Asis Gargatagli, Hipolito"]
[Black "Vinas Racionero, Josep"]
[Result "1-0"]
[ECO "B05"]
[WhiteElo "2511"]
[BlackElo "2075"]
[Annotator "ChessBase"]
[PlyCount "56"]
[EventDate "2023.10.26"]
[EventType "swiss"]
[EventCountry "ESP"]
[SourceTitle "playchess.com"]
[Source "ChessBase"]
[SourceQuality "1"]
[TimeControl "5400+30"]

1. e4 Nf6 2. e5 Nd5 3. d4 d6 4. Nf3 Bg4 5. Be2 e6 6. h3 Bh5 7. c4 Nb6 8. Nc3 Be7 9. exd6 cxd6 10. d5 e5 11. g4 Bg6 12. h4 h5 13. gxh5 Bxh5 14. Be3 N8d7 15. b3 Rc8 16. Ng5 Bxe2 17. Kxe2 Nxc4 18. bxc4 Rxc4 19. Qb3 Qc8 20. Rac1 Nb6 21. Qb5+ Kf8 22. Nce4 Bxg5 23. hxg5 Rxh1 24. Rxh1 Ke7 25. f3 Rc2+ 26. Kd3 Nd7 27. Qb4 Qc7 28. Nxd6 Nc5+ 1-0

[Event "XIII Mediterranean Championship 2023"]
[Site "Castell-Platja d Aro"]
[Date "2023.11.04"]
[Round "1.4"]
[White "Mateu Guiu, Esteve"]
[Black "Gines Esteo, Pedro Antonio"]
[Result "0-1"]
[ECO "D37"]
[WhiteElo "2075"]
[BlackElo "2490"]
[Annotator "ChessBase"]
[PlyCount "64"]
[EventDate "2023.10.26"]
[EventType "swiss"]
[EventCountry "ESP"]
[SourceTitle "playchess.com"]
[Source "ChessBase"]
[SourceQuality "1"]
[TimeControl "5400+30"]

1. d4 Nf6 2. c4 e6 3. Nf3 a6 4. Nc3 d5 5. c5 Nc6 6. h3 b6 7. cxb6 cxb6 8. Bf4 Ne4 9. e3 Nxc3 10. bxc3 Be7 11. Bd3 O-O 12. O-O Bd7 13. Qe2 b5 14. e4 Qa5 15. Bd2 Qa3 16. Rfb1 Rfe8 17. Bc2 Rac8 18. Qd3 dxe4 19. Qxe4 f5 20. Qd3 Bf6 21. Bb3 Na5 22. Bf4 Bc6 23. Ne5 Be4 24. Qg3 Bxb1 25. Rxb1 Qe7 26. Re1 Nxb3 27. axb3 a5 28. Ra1 Ra8 29. Qd3 Qb7 30. Qc2 Rec8 31. Nd3 Bxd4 32. Qe2 Qe4 0-1

[Event "XIII Mediterranean Championship 2023"]
[Site "Castell-Platja d Aro"]
[Date "2023.11.04"]
[Round "1.5"]
[White "Garriga Cazorla, Pere"]
[Black "Pham Guerrero, Sergi"]
[Result "1-0"]
[ECO "A58"]
[WhiteElo "2459"]
[BlackElo "2072"]
[Annotator "ChessBase"]
[PlyCount "93"]
[EventDate "2023.10.26"]
[EventType "swiss"]
[EventCountry "ESP"]
[SourceTitle "playchess.com"]
[Source "ChessBase"]
[SourceQuality "1"]
[TimeControl "5400+30"]

1. d4 Nf6 2. c4 c5 3. d5 b5 4. cxb5 a6 5. bxa6 d6 6. Nc3 g6 7. e4 Bg7 8. Nf3 Qa5 9. Bb5+ Bd7 10. Bxd7+ Nbxd7 11. O-O O-O 12. h3 Rfb8 13. Qc2 Qxa6 14. Re1 Nb6 15. a4 Nfd7 16. Bg5 Nc4 17. b3 Nce5 18. Nxe5 Nxe5 19. Bxe7 Rb7 20. Bh4 Qd3 21. Rac1 Bh6 22. Nb5 Ra6 23. Bf6 Bg7 24. Bxg7 Qxc2 25. Rxc2 Kxg7 26. Re3 g5 27. g3 c4 28. bxc4 Rxa4 29. Kg2 Rb6 30. Rec3 Kf6 31. Nd4 Rb1 32. Nf3 Nd7 33. Nd2 Rbb4 34. Rf3+ Ke7 35. Rf5 h6 36. h4 f6 37. hxg5 hxg5 38. f4 g4 39. Rh5 Nb6 40. Rh7+ Kd8 41. Rf7 Nd7 42. Rg7 Nb6 43. Rxg4 Nxc4 44. Nxc4 Rxc4 45. Rxc4 Rxc4 46. Rg8+ Ke7 47. Kf3 1-0

[Event "XIII Mediterranean Championship 2023"]
[Site "Castell-Platja d Aro"]
[Date "2023.11.04"]
[Round "1.6"]
[White "Garcia Paolicchi, Raul"]
[Black "Garcia Ramos, Daniel"]
[Result "0-1"]
[ECO "D02"]
[WhiteElo "2051"]
[BlackElo "2455"]
[Annotator "ChessBase"]
[PlyCount "94"]
[EventDate "2023.10.26"]
[EventType "swiss"]
[EventCountry "ESP"]
[SourceTitle "playchess.com"]
[Source "ChessBase"]
[SourceQuality "1"]
[TimeControl "5400+30"]

1. d4 Nf6 2. Nf3 e6 3. g3 d5 4. Bg2 Nbd7 5. O-O b5 6. a4 b4 7. c4 bxc3 8. bxc3 Bb7 9. Nbd2 c5 10. c4 Rc8 11. Ba3 Be7 12. Rc1 O-O 13. cxd5 Nxd5 14. Ne4 Qa5 15. dxc5 Nxc5 16. Bxc5 Bxc5 17. Rxc5 Rxc5 18. Nxc5 Qxc5 19. Qd4 Qc7 20. e3 a5 21. Kh1 Rc8 22. Rd1 h6 23. h3 Nc3 24. Rc1 Bxf3 25. Bxf3 Qc5 26. Qd7 Rb8 27. Qd3 Rb3 28. Qd8+ Kh7 29. Bd1 Ra3 30. Qd3+ f5 31. Qc2 Qd5+ 32. Kg1 Ne4 33. Bf3 Ra2 34. Qd1 Qxd1+ 35. Rxd1 Nxf2 36. Rd6 Nxh3+ 37. Kh1 Rxa4 38. Bc6 Ra1+ 39. Kg2 Ng5 40. Bd7 Ra2+ 41. Kg1 Kg6 42. Bxe6 Nxe6 43. Rxe6+ Kg5 44. e4 Re2 45. Ra6 Rxe4 46. Rxa5 Kg4 47. Kg2 g5 0-1

[Event "XIII Mediterranean Championship 2023"]
[Site "Castell-Platja d Aro"]
[Date "2023.11.04"]
[Round "1.7"]
[White "Alexakis, Dimitris"]
[Black "Menac Comas, Joan Ramon"]
[Result "1-0"]
[ECO "B38"]
[WhiteElo "2458"]
[BlackElo "2044"]
[Annotator "ChessBase"]
[PlyCount "125"]
[EventDate "2023.10.26"]
[EventType "swiss"]
[EventCountry "ESP"]
[SourceTitle "playchess.com"]
[Source "ChessBase"]
[SourceQuality "1"]
[TimeControl "5400+30"]

1. e4 c5 2. Nf3 g6 3. c4 Bg7 4. d4 cxd4 5. Nxd4 Nc6 6. Be3 Nf6 7. Nc3 O-O 8. Be2 d6 9. O-O Bd7 10. f3 Nxd4 11. Bxd4 a5 12. b3 Bc6 13. Qd2 Nd7 14. Bf2 Nc5 15. Rab1 e6 16. Bd1 f5 17. exf5 gxf5 18. a3 Qf6 19. Ne2 Rfd8 20. b4 axb4 21. axb4 Na4 22. Nd4 Be8 23. Bc2 Bf7 24. g4 Nb6 25. Qd3 e5 26. Nxf5 Bxc4 27. Qe3 Bxf1 28. Qxb6 Bc4 29. Bh4 Qf8 30. Be7 Qe8 31. Bxd8 Rxd8 32. Nxd6 Qd7 33. Nxc4 e4 34. Rd1 Qxd1+ 35. Bxd1 Bd4+ 36. Qxd4 Rxd4 37. Ne3 Rxb4 38. f4 Rb2 39. h4 b5 40. g5 b4 41. Kf1 Rh2 42. h5 Kf8 43. f5 b3 44. Bxb3 Rxh5 45. Bd5 Rxg5 46. Bxe4 h5 47. Kf2 Kf7 48. Kf3 Rg1 49. Kf4 h4 50. Ng4 h3 51. Bd5+ Kg7 52. f6+ Kg6 53. Be4+ Kf7 54. Kf5 Rf1+ 55. Kg5 h2 56. Bd5+ Kf8 57. Nxh2 Rd1 58. Bf3 Rd2 59. Ng4 Kf7 60. Kf5 Rb2 61. Ne5+ Kf8 62. Nd7+ Ke8 63. Ke4 1-0

[Event "XIII Mediterranean Championship 2023"]
[Site "Castell-Platja d Aro"]
[Date "2023.11.04"]
[Round "1.8"]
[White "Jimenez Fernandez, Rebeca"]
[Black "Eugene, Floryan"]
[Result "0-1"]
[ECO "C79"]
[WhiteElo "2053"]
[BlackElo "2426"]
[Annotator "ChessBase"]
[PlyCount "126"]
[EventDate "2023.10.26"]
[EventType "swiss"]
[EventCountry "ESP"]
[SourceTitle "playchess.com"]
[Source "ChessBase"]
[SourceQuality "1"]
[TimeControl "5400+30"]

1. e4 e5 2. Nf3 Nc6 3. Bb5 a6 4. Ba4 Nf6 5. O-O d6 6. c3 Bd7 7. Re1 g6 8. d4 Bg7 9. Nbd2 O-O 10. Nf1 exd4 11. cxd4 Bg4 12. Bxc6 bxc6 13. h3 Bd7 14. Ng3 Re8 15. Bf4 h6 16. Qd2 g5 17. Nxg5 hxg5 18. Bxg5 Qb8 19. e5 Nh7 20. Nh5 Re6 21. Bf6 Bxf6 22. exf6 Qf8 23. Rxe6 fxe6 24. Re1 Rb8 25. Re4 Rb5 26. Rg4+ Kh8 27. Nf4 Be8 28. Nxe6 Qxf6 29. Nxc7 Bd7 30. Rf4 Rf5 31. Rxf5 Qxf5 32. Nxa6 Qb1+ 33. Kh2 Qxa2 34. Nb8 Be8 35. Qe3 Qf7 36. Na6 Nf6 37. Nb4 Qh5 38. Qe7 Qh4 39. Qf8+ Kh7 40. Qe7+ Kg8 41. Qxd6 Ng4+ 42. Kh1 Nxf2+ 43. Kg1 Ne4 44. Qe6+ Bf7 45. Qg4+ Qxg4 46. hxg4 Be8 47. Kf1 Kf7 48. Ke2 Ke6 49. Kd3 Nf2+ 50. Kc4 Kd6 51. d5 Bf7 52. g5 c5 53. Na6 Bxd5+ 54. Kb5 Nd3 55. g6 Bc6+ 56. Kb6 Nxb2 57. g7 Nc4+ 58. Ka7 Bd5 59. Kb8 Ne3 60. Kc8 Nf5 61. g4 Nxg7 62. Kd8 Ne6+ 63. Ke8 Nc7+ 0-1

[Event "XIII Mediterranean Championship 2023"]
[Site "Castell-Platja d Aro"]
[Date "2023.11.04"]
[Round "1.9"]
[White "Ayats Llobera, Gerard"]
[Black "De Lussac, Estephe"]
[Result "1-0"]
[ECO "B72"]
[WhiteElo "2442"]
[BlackElo "2013"]
[Annotator "ChessBase"]
[PlyCount "67"]
[EventDate "2023.10.26"]
[EventType "swiss"]
[EventCountry "ESP"]
[SourceTitle "playchess.com"]
[Source "ChessBase"]
[SourceQuality "1"]
[TimeControl "5400+30"]

1. e4 c5 2. Nf3 d6 3. d4 cxd4 4. Nxd4 Nf6 5. Nc3 g6 6. Be3 Bg7 7. Be2 O-O 8. Qd2 Nc6 9. O-O-O Nxd4 10. Bxd4 Be6 11. Kb1 b5 12. Bxb5 Rb8 13. Ba4 Rb4 14. Qe2 Qa5 15. Bb3 Rfb8 16. Rd2 Bxb3 17. axb3 e5 18. Be3 Nxe4 19. Nxe4 Rxe4 20. Rxd6 Ra4 21. bxa4 Qb4 22. Rb6 axb6 23. Qb5 Qe4 24. Rd1 Rc8 25. Rd2 Qxg2 26. Bxb6 Qe4 27. Be3 Bf8 28. a5 Bb4 29. Qd5 Qg4 30. c3 Bf8 31. a6 Qa4 32. a7 h5 33. Qb7 Re8 34. f3 1-0

[Event "XIII Mediterranean Championship 2023"]
[Site "Castell-Platja d Aro"]
[Date "2023.11.04"]
[Round "1.10"]
[White "Makka, Evanthia"]
[Black "Gilevych, Artem"]
[Result "0-1"]
[ECO "D30"]
[WhiteElo "2004"]
[BlackElo "2416"]
[Annotator "ChessBase"]
[PlyCount "106"]
[EventDate "2023.10.26"]
[EventType "swiss"]
[EventCountry "ESP"]
[SourceTitle "playchess.com"]
[Source "ChessBase"]
[SourceQuality "1"]
[TimeControl "5400+30"]

1. d4 d5 2. Nf3 Nf6 3. e3 c5 4. dxc5 e6 5. c4 Bxc5 6. a3 O-O 7. b4 Be7 8. Nbd2 a5 9. b5 Nbd7 10. Bb2 Nc5 11. Be2 a4 12. O-O Qb6 13. Bd4 Rd8 14. Qc2 Bd7 15. Ne5 Rac8 16. Qb2 Be8 17. Rab1 Qd6 18. Rfd1 Bf8 19. Bc3 Qc7 20. Nef3 Nfe4 21. Be5 Qe7 22. cxd5 exd5 23. Rbc1 Ne6 24. Nb1 Rxc1 25. Qxc1 N6g5 26. Qc7 Rd7 27. Qb8 f6 28. Bb2 Rd8 29. Qa7 Nxf3+ 30. gxf3 Nc5 31. Qa5 Bf7 32. Qb4 Qc7 33. Qh4 Ne6 34. Rc1 Qa5 35. Kh1 Bg6 36. Qg4 Qb6 37. Nc3 d4 38. Nxa4 Qd6 39. Bc4 Bf7 40. Bxe6 Bxe6 41. Qxd4 Qb8 42. Qh4 Bd5 43. e4 Bb3 44. Nc5 Bf7 45. Qg4 Rc8 46. Nd3 Rxc1+ 47. Nxc1 Qd8 48. Kg2 Qd2 49. Bxf6 Qxc1 50. a4 Bc4 51. Be5 Qf1+ 52. Kg3 Qg1+ 53. Kf4 Qxf2 0-1

[Event "XIII Mediterranean Championship 2023"]
[Site "Castell-Platja d Aro"]
[Date "2023.11.04"]
[Round "1.11"]
[White "Narciso Dublan, Marc"]
[Black "Clot Chico, Arnau"]
[Result "1-0"]
[ECO "A36"]
[WhiteElo "2401"]
[BlackElo "2008"]
[Annotator "ChessBase"]
[PlyCount "61"]
[EventDate "2023.10.26"]
[EventType "swiss"]
[EventCountry "ESP"]
[SourceTitle "playchess.com"]
[Source "ChessBase"]
[SourceQuality "1"]
[TimeControl "5400+30"]

1. c4 Nf6 2. g3 g6 3. Bg2 Bg7 4. Nc3 O-O 5. e4 d6 6. Nge2 c5 7. O-O Nc6 8. d3 Ne8 9. Be3 Nc7 10. d4 cxd4 11. Nxd4 Ne6 12. Nde2 Ne5 13. b3 Bd7 14. h3 Bc6 15. Qc2 f5 16. f4 Nd7 17. exf5 Bxg2 18. Kxg2 gxf5 19. Rad1 Qe8 20. Nd5 Ndc5 21. g4 fxg4 22. hxg4 Rf7 23. Rf3 Rc8 24. Ng3 b5 25. Nf5 bxc4 26. Qxc4 a5 27. Bxc5 Rxc5 28. Qe4 Nf8 29. Ndxe7+ Rxe7 30. Qxe7 Rc2+ 31. Rf2 1-0

[Event "XIII Mediterranean Championship 2023"]
[Site "Castell-Platja d Aro"]
[Date "2023.11.04"]
[Round "1.12"]
[White "Alonso Gimenez, Mauro"]
[Black "Trepat Herranz, Joan"]
[Result "0-1"]
[ECO "B23"]
[WhiteElo "1978"]
[BlackElo "2385"]
[Annotator "ChessBase"]
[PlyCount "70"]
[EventDate "2023.10.26"]
[EventType "swiss"]
[EventCountry "ESP"]
[SourceTitle "playchess.com"]
[Source "ChessBase"]
[SourceQuality "1"]
[TimeControl "5400+30"]

1. e4 c5 2. Nc3 d6 3. Bb5+ Bd7 4. Bxd7+ Qxd7 5. f4 Nc6 6. Nf3 g6 7. d3 Bg7 8. O-O Nf6 9. Bd2 O-O 10. Qe1 Nd4 11. Rc1 b5 12. Ne2 Nxe2+ 13. Qxe2 c4 14. Bc3 cxd3 15. cxd3 a5 16. Bxf6 Bxf6 17. d4 Rfc8 18. e5 Bg7 19. Qe4 e6 20. d5 dxe5 21. dxe6 Qxe6 22. fxe5 Rxc1 23. Qxa8+ Qc8 24. Qxc8+ Rxc8 25. b3 b4 26. h3 Rc5 27. Rd1 Bxe5 28. Nxe5 Rxe5 29. Kf2 h5 30. Kf3 Kg7 31. Rd6 Rf5+ 32. Ke3 Rg5 33. Kf3 Rc5 34. Ra6 g5 35. Ke4 f6 0-1

[Event "XIII Mediterranean Championship 2023"]
[Site "Castell-Platja d Aro"]
[Date "2023.11.04"]
[Round "1.13"]
[White "Lacasa Diaz, Jose Antonio"]
[Black "Makka, Ioulia"]
[Result "1-0"]
[ECO "C54"]
[WhiteElo "2353"]
[BlackElo "1900"]
[Annotator "ChessBase"]
[PlyCount "47"]
[EventDate "2023.10.26"]
[EventType "swiss"]
[EventCountry "ESP"]
[SourceTitle "playchess.com"]
[Source "ChessBase"]
[SourceQuality "1"]
[TimeControl "5400+30"]

1. e4 e5 2. Nf3 Nc6 3. Bc4 Bc5 4. c3 Nf6 5. d3 d6 6. O-O h6 7. Re1 O-O 8. h3 a6 9. a4 Re8 10. Nbd2 Ba7 11. Nf1 Be6 12. Bxe6 Rxe6 13. Ng3 d5 14. Qe2 dxe4 15. dxe4 Na5 16. Nf5 Nb3 17. Bxh6 gxh6 18. Nxh6+ Kf8 19. Rad1 Nd7 20. Nf5 Qe8 21. Ng5 Rg6 22. Qh5 Qc8 23. Qh8+ Rg8 24. Nh7+ 1-0

[Event "XIII Mediterranean Championship 2023"]
[Site "Castell-Platja d Aro"]
[Date "2023.11.04"]
[Round "1.14"]
[White "De Lomas Busquets, Alba"]
[Black "Masague Artero, Guerau"]
[Result "1/2-1/2"]
[ECO "B08"]
[WhiteElo "1873"]
[BlackElo "2305"]
[Annotator "ChessBase"]
[PlyCount "76"]
[EventDate "2023.10.26"]
[EventType "swiss"]
[EventCountry "ESP"]
[SourceTitle "playchess.com"]
[Source "ChessBase"]
[SourceQuality "1"]
[TimeControl "5400+30"]

1. d4 Nf6 2. Nf3 g6 3. Nc3 Bg7 4. e4 d6 5. Be3 Bg4 6. Qd2 a6 7. h3 Bxf3 8. gxf3 Nc6 9. f4 e6 10. Bd3 d5 11. f3 Nh5 12. Ne2 f5 13. O-O-O O-O 14. e5 b5 15. Rdg1 Qh4 16. Qc3 Nd8 17. Qxc7 Bh6 18. Kb1 Rf7 19. Qa5 Nxf4 20. Bxf4 Bxf4 21. Bxb5 Be3 22. Rd1 Rb7 23. Ba4 Qf2 24. Qe1 Qxe1 25. Rhxe1 f4 26. Rd3 Rb4 27. Bb3 a5 28. a3 Rb7 29. Nc3 Kf8 30. Nd1 a4 31. Nxe3 axb3 32. Ng2 bxc2+ 33. Kxc2 g5 34. Rc3 Ra4 35. b4 Rb6 36. Kb3 Rba6 37. Kb2 Nc6 38. b5 Rb6 1/2-1/2

[Event "XIII Mediterranean Championship 2023"]
[Site "Castell-Platja d Aro"]
[Date "2023.11.04"]
[Round "1.15"]
[White "Lazaro Pujol, Abel"]
[Black "Vinolas Anglada, Laura"]
[Result "1-0"]
[ECO "C54"]
[WhiteElo "2289"]
[BlackElo "1884"]
[Annotator "ChessBase"]
[PlyCount "83"]
[EventDate "2023.10.26"]
[EventType "swiss"]
[EventCountry "ESP"]
[SourceTitle "playchess.com"]
[Source "ChessBase"]
[SourceQuality "1"]
[TimeControl "5400+30"]

1. e4 e5 2. Nf3 Nc6 3. Bc4 Bc5 4. O-O Nf6 5. d3 d6 6. c3 a6 7. a4 Ba7 8. Re1 h6 9. Nbd2 O-O 10. h3 Be6 11. Bxe6 fxe6 12. b4 Nh5 13. Nf1 Qf6 14. Be3 Bxe3 15. Rxe3 Nf4 16. Kh2 d5 17. Rb1 Rad8 18. b5 axb5 19. axb5 Na5 20. Ng3 Rfe8 21. Qc2 Rd7 22. Rbe1 Rde7 23. Ne2 Ng6 24. exd5 exd5 25. Qa2 b6 26. Qxd5+ Kh8 27. Kg1 Re6 28. Ng3 Nf4 29. Qa2 Nb7 30. Kh2 Nc5 31. Qc2 Nfxd3 32. Rxd3 e4 33. Rde3 exf3 34. Rxf3 Qd8 35. Rxe6 Nxe6 36. Qf5 Ng5 37. Rd3 Qe7 38. Rd7 Qe5 39. Qxe5 Rxe5 40. f4 Rxb5 41. fxg5 Rxg5 42. Rxc7 1-0

[Event "XIII Mediterranean Championship 2023"]
[Site "Castell-Platja d Aro"]
[Date "2023.11.04"]
[Round "1.16"]
[White "Canigueral Salvado, Jaume"]
[Black "Jimenez Ruano, Adrian"]
[Result "0-1"]
[ECO "B51"]
[WhiteElo "1853"]
[BlackElo "2281"]
[Annotator "ChessBase"]
[PlyCount "41"]
[EventDate "2023.10.26"]
[EventType "swiss"]
[EventCountry "ESP"]
[SourceTitle "playchess.com"]
[Source "ChessBase"]
[SourceQuality "1"]
[TimeControl "5400+30"]

1. e4 c5 2. Nf3 d6 3. d4 cxd4 4. Nxd4 Nf6 5. Bb5+ Nbd7 6. Nc3 a6 7. Bxd7+ Bxd7 8. O-O g6 9. h3 Bg7 10. Be3 O-O 11. Qd2 b5 12. a3 e5 13. Nde2 Bc6 14. Bg5 Qc7 15. Bxf6 Bxf6 16. Rad1 Rfd8 17. Nd5 Bxd5 18. exd5 Rac8 19. c3 Bg7 20. Ng3 f5 21. Rfe1 0-1

[Event "XIII Mediterranean Championship 2023"]
[Site "Castell-Platja d Aro"]
[Date "2023.11.04"]
[Round "1.17"]
[White "Martinez Pla, Xavier"]
[Black "Vinals Rioja, Jaume"]
[Result "1-0"]
[ECO "B12"]
[WhiteElo "2263"]
[BlackElo "1838"]
[Annotator "ChessBase"]
[PlyCount "68"]
[EventDate "2023.10.26"]
[EventType "swiss"]
[EventCountry "ESP"]
[SourceTitle "playchess.com"]
[Source "ChessBase"]
[SourceQuality "1"]
[TimeControl "5400+30"]

1. e4 c6 2. d4 d5 3. e5 Bf5 4. Nd2 e6 5. Nb3 Nd7 6. Nf3 a6 7. Be2 c5 8. dxc5 Nxc5 9. Nfd4 Nxb3 10. axb3 Bg6 11. O-O Ne7 12. Be3 Nf5 13. Nxf5 Bxf5 14. g4 Bg6 15. f4 Be4 16. f5 Rc8 17. c3 Bc5 18. Bxc5 Rxc5 19. fxe6 fxe6 20. Qd4 Rc6 21. b4 Qb6 22. Qxb6 Rxb6 23. Kf2 Rf8+ 24. Ke3 Rxf1 25. Bxf1 Kf7 26. Be2 Rc6 27. b5 axb5 28. Bxb5 Rb6 29. Ra5 Ke7 30. Kd4 Kd8 31. c4 Kc7 32. c5 Bf3 33. cxb6+ Kxb6 34. Ra3 h5 1-0

[Event "XIII Mediterranean Championship 2023"]
[Site "Castell-Platja d Aro"]
[Date "2023.11.04"]
[Round "1.18"]
[White "Andreu Lopez, Santiago"]
[Black "Ventura Bolet, Alexandre"]
[Result "0-1"]
[ECO "A16"]
[WhiteElo "1834"]
[BlackElo "2238"]
[Annotator "ChessBase"]
[PlyCount "70"]
[EventDate "2023.10.26"]
[EventType "swiss"]
[EventCountry "ESP"]
[SourceTitle "playchess.com"]
[Source "ChessBase"]
[SourceQuality "1"]
[TimeControl "5400+30"]

1. Nf3 g6 2. g3 Bg7 3. Bg2 e5 4. d3 Ne7 5. c4 d5 6. cxd5 Nxd5 7. O-O O-O 8. Qb3 c6 9. Nc3 Nb6 10. Bg5 Qc7 11. Rac1 h6 12. Be3 Be6 13. Qb4 Na6 14. Qh4 Qd8 15. Qxd8 Rfxd8 16. a3 f5 17. b4 Nc7 18. Nh4 g5 19. Nf3 Rd7 20. Rfd1 Rad8 21. Bxb6 axb6 22. Na4 Na8 23. Rd2 Bb3 24. Nc3 Nc7 25. Ne1 Ra8 26. a4 Bxa4 27. Nxa4 Rxa4 28. Rb1 Nb5 29. Nc2 Ra2 30. Ra1 Rb2 31. e3 Bf8 32. Ra4 Nc3 33. Ra7 e4 34. Bf1 Bxb4 35. Ra8+ Kg7 0-1

[Event "XIII Mediterranean Championship 2023"]
[Site "Castell-Platja d Aro"]
[Date "2023.11.04"]
[Round "1.19"]
[White "Martin Barcelo, Carles"]
[Black "Diaz Comas, Jordi"]
[Result "1-0"]
[ECO "C77"]
[WhiteElo "2242"]
[BlackElo "1837"]
[Annotator "ChessBase"]
[PlyCount "81"]
[EventDate "2023.10.26"]
[EventType "swiss"]
[EventCountry "ESP"]
[SourceTitle "playchess.com"]
[Source "ChessBase"]
[SourceQuality "1"]
[TimeControl "5400+30"]

1. e4 Nc6 2. Nf3 e5 3. Bb5 a6 4. Ba4 b5 5. Bb3 Nf6 6. d3 Be7 7. O-O d6 8. a3 O-O 9. Nc3 Na5 10. Ba2 c5 11. Nd5 Nxd5 12. Bxd5 Bb7 13. b4 Bxd5 14. exd5 Nb7 15. c3 Bf6 16. Be3 Rc8 17. Nd2 Bg5 18. Qe2 f5 19. Nf3 Bf6 20. Ra2 Qe7 21. a4 c4 22. dxc4 Rxc4 23. axb5 axb5 24. Ra7 Qd7 25. Bg5 h6 26. Bxf6 Rxf6 27. Qe3 Qc7 28. Nd2 Rg4 29. h3 Rh4 30. Rfa1 Rf7 31. Qg3 Qe7 32. Rxb7 Qxb7 33. Qxh4 Qxd5 34. Nf3 Qc6 35. Ra3 Rf6 36. Qh5 Kh7 37. Ra7 Qc8 38. Rf7 Rxf7 39. Ng5+ Kg8 40. Qxf7+ Kh8 41. Ne6 1-0

[Event "XIII Mediterranean Championship 2023"]
[Site "Castell-Platja d Aro"]
[Date "2023.11.04"]
[Round "1.20"]
[White "Parramon Arimany, Marc"]
[Black "Vehi Bach, Victor Manuel"]
[Result "0-1"]
[ECO "D02"]
[WhiteElo "1834"]
[BlackElo "2216"]
[Annotator "ChessBase"]
[PlyCount "46"]
[EventDate "2023.10.26"]
[EventType "swiss"]
[EventCountry "ESP"]
[SourceTitle "playchess.com"]
[Source "ChessBase"]
[SourceQuality "1"]
[TimeControl "5400+30"]

1. d4 Nf6 2. Nf3 e6 3. Bf4 c5 4. c3 Nc6 5. e3 d5 6. Nbd2 Bd6 7. g3 Be7 8. a3 O-O 9. h4 c4 10. Qc2 b5 11. Bh3 a5 12. g4 Bd7 13. Ne5 Be8 14. g5 Nxe5 15. dxe5 Nd7 16. Nf3 Nc5 17. Rd1 b4 18. O-O Ba4 19. Qb1 Bxd1 20. Rxd1 bxa3 21. Nd4 axb2 22. Bh2 Qb6 23. f4 Ne4 0-1

[Event "XIII Mediterranean Championship 2023"]
[Site "Castell-Platja d Aro"]
[Date "2023.11.04"]
[Round "1.21"]
[White "Rojano Alfonso, Carlos"]
[Black "Garcia Rodriguez, Laia"]
[Result "1-0"]
[ECO "A11"]
[WhiteElo "2207"]
[BlackElo "1811"]
[Annotator "ChessBase"]
[PlyCount "35"]
[EventDate "2023.10.26"]
[EventType "swiss"]
[EventCountry "ESP"]
[SourceTitle "playchess.com"]
[Source "ChessBase"]
[SourceQuality "1"]
[TimeControl "5400+30"]

1. Nf3 d5 2. b3 Nf6 3. Bb2 e6 4. e3 Bd6 5. c4 O-O 6. Qc2 Nbd7 7. Nc3 c6 8. Be2 b6 9. Rg1 Bb7 10. g4 dxc4 11. bxc4 c5 12. g5 Ne8 13. Ne4 f5 14. gxf6 Ndxf6 15. Nxf6+ Nxf6 16. Ng5 g6 17. Nxh7 Be4 18. Nxf6+ 1-0

[Event "XIII Mediterranean Championship 2023"]
[Site "Castell-Platja d Aro"]
[Date "2023.11.04"]
[Round "1.22"]
[White "Moran Cabezas, Eric"]
[Black "Hernando Rodrigo, Julio Antonio"]
[Result "1/2-1/2"]
[ECO "C09"]
[WhiteElo "1736"]
[BlackElo "2202"]
[Annotator "ChessBase"]
[PlyCount "79"]
[EventDate "2023.10.26"]
[EventType "swiss"]
[EventCountry "ESP"]
[SourceTitle "playchess.com"]
[Source "ChessBase"]
[SourceQuality "1"]
[TimeControl "5400+30"]

1. e4 e6 2. d4 d5 3. Nd2 c5 4. exd5 exd5 5. Ngf3 Nc6 6. Bb5 Bd6 7. O-O Nge7 8. dxc5 Bxc5 9. Nb3 Bd6 10. Re1 O-O 11. c3 Bf5 12. Be3 Qc7 13. Bf1 Rad8 14. Bc5 Bxc5 15. Nxc5 Bg4 16. Nb3 Qb6 17. Be2 Ng6 18. Nfd4 Bc8 19. Qd2 a5 20. a4 Nce5 21. Nb5 Qf6 22. N3d4 Nf4 23. Bf1 Neg6 24. Nf3 Bg4 25. Nbd4 h5 26. Re3 Bxf3 27. Nxf3 Ne6 28. Nd4 Ngf4 29. Rf3 g5 30. g3 Nxd4 31. cxd4 Nh3+ 32. Bxh3 Qxf3 33. Qxg5+ Kh8 34. Qh6+ Kg8 35. Qg5+ Kh8 36. Qh6+ Kg8 37. Qg5+ Kh8 38. Re1 Rd6 39. Qe7 Rdd8 40. Qg5 1/2-1/2